 Dungeon Crawl Stone Soup version 0.31-a0-1059-g83d41fd8b6 (webtiles) character file.

Game seed: 9244638057987230448

545 Malachi the Ruffian (level 7, 0/51 HPs)
             Began as a Djinni Shapeshifter on Nov 21, 2023.
             Slain by Grinder (8 damage)
             ... on level 3 of the Dungeon.
             The game lasted 00:05:04 (2847 turns).

Malachi the Ruffian (Djinni Shapeshifter)           Turns: 2847, Time: 00:05:04

Health: 0/51       AC:  6    Str: 15    XL:     7   Next: 53%
Gold:   79         EV: 10    Int: 11    God:
                   SH:  0    Dex: 13

rFire   + .          .
                       - Unarmed
rCold   . . .        (no shield)
rNeg    . . .        s - +0 scale mail
rPois   ∞            (helmet currently unavailable)
rElec   .            (cloak currently unavailable)
rCorr   .            (gloves currently unavailable)
SInv    .            (boots unavailable)
Will    .....        (no amulet) Stlth
                     k - ring of wizardry
HPRegen 0.28/turn    q - ring of ice
MPRegen 0.00/turn

%: wizardry (x1), infuse magic (-1 HP)
@: beast-form, attractive, flying
A: beast (slay +2), flying, sickness immunity, fire resistance 2, cold
vulnerability 1, float, innate caster, HP casting, extra vitality 1
a: Begin Untransformation


You were on level 3 of the Dungeon.
You were a hulking beast.
You visited 1 branch of the dungeon, and saw 3 of its levels.

You collected 141 gold pieces.
You spent 62 gold pieces at shops.

Inventory:

Missiles
 e - 4 atropa-tipped darts (quivered)
Armour
 a - a +0 animal skin
 s - a +0 scale mail (worn)
Jewellery
 k - a ring of wizardry (left hand)
 q - a ring of ice (right hand)
Talismans
 c - a beast talisman
 d - a flux talisman
 r - a dragon-blood talisman
Scrolls
 f - a scroll of noise {unknown}
 h - 2 scrolls of fog
 j - a scroll of revelation
 o - a scroll of brand weapon
Potions
 g - a potion of heal wounds {unknown}
 i - a potion of haste {unknown}
 l - a potion of mutation {unknown}
 m - a potion of resistance {unknown}
 n - a potion of berserk rage {unknown}
 p - 2 potions of degeneration {unknown}


   Skills:
 + Level 3.9 Fighting
 - Level 2.4 Dodging
 + Level 4.9 Unarmed Combat
 * Level 4.9 Shapeshifting


You knew the following spells:

 Your Spells              Type           Power      Damage    Failure   Level
a - Shock                 Conj/Air       0%         1d3       50%         1
b - Passwall              Tmut/Erth      0%         N/A       63%         2
c - Ensorcelled Hibernat  Hex/Ice        0%         N/A       63%         2
Your spell library was empty.

Dungeon Overview and Level Annotations

Branches:
Dungeon (3/15)

Altars:

Shops:
D:3 *

Annotations:
D:3 Grinder


Innate Abilities, Weirdness & Mutations

You are a hulking beast.
Your limbs bulge with bestial killing power. (Slay +2)
You are flying.
You are immune to sickness and miasma.
You are immune to poison.
Your flesh is very heat resistant. (rF++)
You are vulnerable to cold. (rC-)
You float through the air rather than walking.
You learn spells naturally, not from books.
Your magical power is your life essence.
You have superior vitality. (+4 MHP)


Message History

Grinder barely misses you.
You hit Grinder. You punch Grinder.
Grinder is moderately wounded.
Grinder barely misses you.
You closely miss Grinder.
Grinder is moderately wounded.
Grinder barely misses you.
You hit Grinder but do no damage.
Grinder is moderately wounded.
Grinder hits you but does no damage.
You hit Grinder. Your punch misses Grinder.
Grinder is heavily wounded.
Grinder gestures at you. Pain shoots through your body!
You hit Grinder.
Grinder is heavily wounded.
Grinder hits you!
You writhe in agony.
You closely miss Grinder.
Grinder is heavily wounded.
Grinder hits you.
You writhe in agony.
You are too injured to fight recklessly!
You are too injured to fight recklessly!
You are too injured to fight recklessly!
Unknown command.
Unknown command.
You punch Grinder!
Grinder is severely wounded.
Grinder hits you.
* * * LOW HITPOINT WARNING * * *
You writhe in agony.
* * * LOW HITPOINT WARNING * * *
You punch Grinder!
Grinder is almost dead.
Grinder hits you.
* * * LOW HITPOINT WARNING * * *
It was a potion of attraction.
You feel attractive to monsters. Grinder hits you!
You die...
Grinder says, "Now the real fun starts!"

..####.###.........##.#
#..##..##..........##.#
##.##.###..........##.#
#..##.###.........∩##.#
..#...##.......######.#
.##.####.......# #.#
.##.##.........## #.#
.......#....##..#####.#####
.........##.###.h.....>...#
....#######.# ###5........#
.##....## #.# #.........#
.##.##..###.# #.........#
##..###.....# #........<#
...## ####..# #..##'##..#
.### #### #..#~~~#..# .#
#..#~~~#..# ## ####~~~##.#


You could see Grinder.

Vanquished Creatures
  Sigmund (D:3)
  A black bear (D:3)
  The ghost of niknal the Slasher, an amateur TeWr (D:3)
  A bullfrog (D:3)
  A scorpion (D:2)
  3 adders
  3 worms
  A dart slug (D:1)
  An orc (D:3)
  7 bats
  2 endoplasms
  2 giant cockroaches
  5 goblins
  9 hobgoblins
  8 jackals
  3 quokkas
  8 ball pythons
  4 frilled lizards
  8 kobolds
  4 rats
73 creatures vanquished.

Notes
Turn   | Place    | Note
-------+----------+-------------------------------------------
     0 | D:1      | Malachi the Djinni Shapeshifter began the quest for the
                  | Orb.
     0 | D:1      | Reached XP level 1. HP: 17/17 MP: 0/0
    91 | D:1      | Reached XP level 2. HP: 21/22 MP: 0/0
   409 | D:1      | Reached XP level 3. HP: 27/27 MP: 0/0
   409 | D:1      | Learned a level 1 spell: Shock
  1169 | D:2      | Reached XP level 4. HP: 33/33 MP: 0/0
  1286 | D:2      | Found a faded altar of an unknown god.
  1439 | D:2      | Noticed a scorpion
  1450 | D:2      | Killed a scorpion
  1451 | D:2      | Reached XP level 5. HP: 28/39 MP: 0/0
  1451 | D:2      | Learned a level 2 spell: Passwall
  1861 | D:3      | Found a runed translucent door.
  1865 | D:3      | Noticed a bullfrog
  1867 | D:3      | Noticed niknal's ghost (amateur TeWr)
  1914 | D:3      | Killed a bullfrog
  1916 | D:3      | Reached XP level 6. HP: 30/46 MP: 0/0
  1925 | D:3      | Killed niknal's ghost
  2054 | D:3      | Found a runed translucent door.
  2090 | D:3      | Found Vem Zor's Assorted Antiques.
  2100 | D:3      | Bought a scroll of identify for 62 gold pieces
  2284 | D:3      | Noticed a black bear
  2298 | D:3      | Killed a black bear
  2299 | D:3      | Reached XP level 7. HP: 44/50 MP: 0/0
  2299 | D:3      | Learned a level 2 spell: Ensorcelled Hibernation
  2391 | D:3      | Noticed Grinder
  2392 | D:3      | Paralysed by Grinder for 3 turns
  2418 | D:3      | Paralysed by Grinder for 3 turns
  2641 | D:3      | Noticed Sigmund
  2651 | D:3      | Killed Sigmund
  2847 | D:3      | Slain by Grinder

Illustrated notes

Levels and vault maps discovered:
D:1:      erik_arrival_triangle_medium, layout_loops_ring,
          minmay_misc_feat_more_columns
D:2:      layout_basic, ebering_ecumenical_altar_rust, minivault_24,
          minmay_pentomino_v2
D:3:      layout_rooms, serial_shops, shop, ebering_ghost_sewer_f,
          minmay_fractal_squares_gapless_5, uniq_grinder, uniq_sigmund

Skill      XL: |  1  2  3  4  5  6 |
---------------+-------------------+-----
Shapeshifting  | 3 4 |  4.9
Fighting       | 2 3 |  3.9
Unarmed Combat | 4 |  4.9
Dodging        | |  2.4

Action                     |  1- 3 |  4- 6 |  7- 9 || total
---------------------------+-------+-------+-------++-------
  Melee: Unarmed           |   102 |   105 |    48 ||   255
         Punch             |     2 |     2 |     3 ||     7
  Throw: Dart              |       |       |     4 ||     4
    Use: Scroll            |       |     4 |       ||     4
         Potion            |       |     1 |     2 ||     3
   Stab: Sleeping          |     2 |       |       ||     2
 Armour: Animal skin       |    56 |    20 |       ||    76
         Scale mail        |       |    34 |    23 ||    57
         Skin              |       |     9 |       ||     9
  Dodge: Dodged            |    78 |    50 |    14 ||   142

Table legend: (Time is in decaauts)
 A = Elapsed time spent in this place.
 B = Non-inter-level travel time spent in this place.
 C = Inter-level travel time spent in this place.
 D = Time resting spent in this place.
 E = Time spent auto-exploring this place.
 F = Levels seen in this place.
 G = Mean time per level.
                   A        B        C        D        E       F      G
               +--------+--------+--------+--------+--------+-----+--------+
         Total |   2826 |   2708 |    118 |    302 |   1803 |   3 |  942.0 |
       Dungeon |   2826 |   2708 |    118 |    302 |   1803 |   3 |  942.0 |
               +--------+--------+--------+--------+--------+-----+--------+

Top non-repeatable levels by time:
     D:2: 1077 daAuts
     D:1: 957 daAuts
     D:3: 791 daAuts
